 Dungeon Crawl Stone Soup version 0.27.0-65-ge2af304b15 (webtiles) character file.

Game seed: 71800970066734744

611 hawla the Grave Robber (level 7, -7/38 HPs)
             Began as a Deep Elf Necromancer on Aug 18, 2021.
             Was an Initiate of Ashenzari.
             Killed by a stone arrow (25 damage)
             ... invoked by the fury of Makhleb
             ... on level 5 of the Dungeon.
             The game lasted 00:19:46 (7185 turns).

hawla the Grave Robber (Deep Elf Necromancer)       Turns: 7185, Time: 00:19:46

Health: -7/38      AC:  3    Str:  5    XL:     7   Next: 20%
Magic:  17/17      EV: 13    Int: 22    God:    Ashenzari [......]
Gold:   179        SH:  0    Dex: 15    Spells: 6/17 levels left

rFire    . . .     SeeInvis .   k - +4 whip
rCold    . . .     Faith    .   (no shield)
rNeg     . . .     Spirit   .   a - +0 robe
rPois    .         Reflect  .   (no helmet)
rElec    .         Harm     .   (no cloak)
rCorr    .         Rampage  .   (no gloves)
Will     .....                  b - +0 pair of boots
Stlth    ++........             (no amulet)
HPRegen  0.12/turn              (no ring)
MPRegen  0.15/turn              (no ring)

@: no status effects
A: no striking features
a: Renounce Religion


You were on level 5 of the Dungeon.
You worshipped Ashenzari.
Ashenzari was noncommittal.
You visited 2 branches of the dungeon, and saw 6 of its levels.

You collected 179 gold pieces.

Inventory:

Hand Weapons
 k - a +4 whip (weapon)
Missiles
 d - 59 poisoned darts (quivered)
 f - 4 boomerangs of dispersal
 h - 3 boomerangs
Armour
 a - a +0 robe (worn)
 b - a +0 pair of boots (worn)
Jewellery
 j - a ring of protection from fire
Wands
 g - a wand of iceblast (6)
Scrolls
 e - a scroll of teleportation
 l - a scroll of fog
 m - a scroll of amnesia
 p - a scroll of enchant armour
Potions
 c - a potion of flight
 i - a potion of curing
 n - a potion of berserk rage
 o - 2 potions of haste


   Skills:
 + Level 1.5 Fighting
 + Level 1.7 Throwing
 + Level 3.1 Dodging
 + Level 3.1 Stealth
 + Level 5.7 Spellcasting
 + Level 1.2 Summonings
 + Level 7.5 Necromancy
 + Level 2.4 Earth Magic


You had 6 spell levels left.
You knew the following spells:

 Your Spells              Type           Power      Damage    Failure   Level
a - Pain                  Necr           100%       1d9       1%          1
b - Vampiric Draining     Necr           19%        2d8       1%          3
c - Animate Dead          Necr           19%        N/A       4%          4
d - Call Canine Familiar  Summ           11%        N/A       17%         3

Your spell library contained the following spells:

 Spells                   Type           Power      Damage    Failure   Level
 Animate Skeleton         Necr           78%        N/A       1%          1
 Summon Small Mammal      Summ           44%        N/A       6%          1
 Agony                    Necr           39%        N/A       12%         5
 Summon Guardian Golem    Hex/Summ       8%         N/A       22%         3


Dungeon Overview and Level Annotations

Branches:
Dungeon (5/15)             Temple (1/1) D:4

Altars:
Ashenzari
Cheibriados
Elyvilon
Fedhas
Hepliaklqana
Kikubaaqudgha
Makhleb
Nemelex Xobeh
Qazlal
Ru
Sif Muna
Trog
Uskayaw
Vehumet
Wu Jian
Yredelemnul
Zin
The Shining One

Annotations:
D:3 dig the angel
D:5 3 runed translucent doors, freelancePsychic's ghost, amateur DjFE


Message History

The spell is quite dangerous to cast (19% risk of failure)!
Continue anyway?
Something hits you. Something shocks you.
Your hound bites something.
Something hits you. Something shocks you.
Casting: Call Canine Familiar (quite dangerous; 19% risk of failure)
Confirm with . or Enter, or press ? or * to list all spells.
Aiming: Vampiric Draining (safe; 1% risk of failure)
Press: ? - help, Shift-Dir - straight line You draw life force from something!
Reactivating autopickup.
You feel a bit more experienced.
You feel life coursing into your body.
Your hound disappears in a puff of smoke!
An orange demon is nearby!
An orange demon is nearby!
An orange demon is nearby!
An orange demon is nearby!
An orange demon is nearby!
An orange demon is nearby!
You start resting.
Magic restored.
You start resting.
Makhleb sends a minion to punish you.
A hellwing comes into view.
The hellwing swoops through the air toward you!
The hellwing hits you. The hellwing barely misses you.
You closely miss the hellwing. The hellwing barely misses you.
The hellwing closely misses you.
You hit the hellwing but do no damage. The hellwing barely misses you.
The hellwing hits you.
As you read the scroll of teleportation, it crumbles to dust.
You feel strangely unstable. The hellwing hits you!
The hellwing closely misses you.
Your surroundings suddenly seem different.
Found 6 gold pieces.
Okay, then.
Okay, then.
You start resting.
Makhleb rains destruction down upon you!
The stone arrow hits you!!
Ouch! That really hurt!
You die...

###...#..... ##.....# #...#..$ #
#.....# #...... ..
#...######......
...###.#.......... . ...#
#............ ...
....####....#....###....
......##....#........# ........
................@....###........#
.#.##..≈≈≈≈..........##..P._.P...
.#..#.....≈...#.....###..........
....!..≈≈≈≈...#.......#....#.4...
.............####.....##.........
....##.......##........#.....#...
##............##...........# ##..
.............##............#####.
................##...............


You could see the fury of Makhleb (unaware).

Vanquished Creatures
  A sky beast (D:5)
  A scorpion (D:5)
  A water moccasin skeleton (D:4)
  3 hounds
  A jelly (D:4)
  An orc priest (D:4)
  2 iguanas
  7 adders
  A white imp (D:5)
  An adder skeleton (D:4)
  4 dart slugs
  16 orcs
  6 ball pythons
  10 endoplasms
  3 giant cockroaches
  4 goblins
  8 hobgoblins
  7 kobolds
  2 quokkas
  3 bats
  2 frilled lizards
  6 rats
90 creatures vanquished.

Vanquished Creatures (collateral kills)
  A scorpion (D:4)
  An endoplasm (D:4)
  A hobgoblin (D:4)
3 creatures vanquished.

Grand Total: 93 creatures vanquished

Notes
Turn   | Place    | Note
-------+----------+-------------------------------------------
     0 | D:1      | hawla the Deep Elf Necromancer began the quest for the Orb.
     0 | D:1      | Reached XP level 1. HP: 10/10 MP: 6/6
   198 | D:1      | Reached skill level 5 in Necromancy
   215 | D:1      | Reached skill level 1 in Earth Magic
   310 | D:1      | Reached XP level 2. HP: 13/15 MP: 6/8
  1225 | D:2      | Reached XP level 3. HP: 11/20 MP: 5/9
  1229 | D:2      | Learned a level 3 spell: Vampiric Draining
  2704 | D:3      | Reached XP level 4. HP: 12/24 MP: 0/11
  2709 | D:3      | Learned a level 4 spell: Animate Dead
  2979 | D:3      | Reached skill level 1 in Throwing
  3100 | D:3      | Found a blossoming altar of Fedhas.
  3321 | D:3      | Reached skill level 1 in Fighting
  3487 | D:3      | Found a glowing silver altar of Zin.
  3488 | D:3      | Noticed an angel
  3832 | D:4      | Found a bloodstained altar of Trog.
  4115 | D:4      | Reached XP level 5. HP: 28/29 MP: 6/13
  4182 | D:4      | Reached skill level 6 in Necromancy
  4351 | D:4      | Learned a level 3 spell: Call Canine Familiar
  4669 | D:4      | Reached skill level 1 in Summonings
  4883 | D:4      | Reached XP level 6. HP: 31/34 MP: 7/14
  5122 | D:4      | Found a staircase to the Ecumenical Temple.
  5144 | Temple   | Entered the Ecumenical Temple
  5297 | Temple   | Became a worshipper of Makhleb the Destroyer
  5345 | Temple   | Fell from the grace of Makhleb
  5345 | Temple   | Became a worshipper of Ashenzari the Shackled
  5938 | D:5      | Entered Level 5 of the Dungeon
  6350 | D:5      | Reached skill level 5 in Spellcasting
  6405 | D:5      | Reached skill level 7 in Necromancy
  6493 | D:5      | Reached XP level 7. HP: 20/38 MP: 2/16
  6739 | D:5      | Noticed an orange demon
  6903 | D:5      | Found a runed translucent gate.
  6904 | D:5      | Noticed freelancePsychic's ghost (amateur DjFE)
  6905 | D:5      | Found a runed translucent gate.
  6906 | D:5      | Found a runed translucent gate.
  6913 | D:5      | Found a radiant altar of Vehumet.
  7015 | D:5      | Found a basalt altar of Yredelemnul.
  7016 | D:5      | Found a snail-covered altar of Cheibriados.
  7017 | D:5      | Found a glowing golden altar of the Shining One.
  7018 | D:5      | Found a stormy altar of Qazlal.
  7169 | D:5      | Noticed a hellwing
  7185 | D:5      | Killed by a stone arrow

Illustrated notes

Levels and vault maps discovered:
D:1:      giann_forest_graveyard, layout_basic
D:2:      layout_loops_ring, minmay_door_square
D:3:      layout_basic, general_overflow_altar, zin_angel,
          kennysheep_generic_room_9
D:4:      layout_basic, old_standard_altar, minmay_temple_entry_waves
D:5:      layout_cave_pools, mainiacjoe_overflow_tiny_flanked,
          mainiacjoe_overflow_alcove_3, gammafunk_ghost_split,
          chequers_serial_rivers_micro_d, hangedman_decor_push
Temple:   eino_wide_crystal_templ

Skill      XL: |  1  2  3  4  5  6 |
---------------+-------------------+-----
Necromancy     | 5 6 7 |  7.5
Earth Magic    | 1 2 |  2.4
Stealth        | 3 |  3.1
Throwing       | 1 |  1.7
Dodging        | 3 |  3.1
Fighting       | 1 |  1.5
Spellcasting   | 4 5 |  5.7
Summonings     | 1 |  1.2

Action                   |  1- 3 |  4- 6 |  7- 9 || total
-------------------------+-------+-------+-------++-------
Melee: Unarmed           |     1 |     9 |       ||    10
       Whip              |       |    14 |    12 ||    26
Throw: Dart              |       |     6 |     6 ||    12
       Boomerang         |       |     2 |     1 ||     3
 Cast: Pain              |    70 |    70 |       ||   140
       Vampiric Draining |     3 |    15 |     4 ||    22
       Animate Dead      |       |    12 |     2 ||    14
       Call Canine Famil |       |     4 |     2 ||     6
Evoke: Wand              |       |     1 |       ||     1
  Use: Scroll            |     7 |     1 |     2 ||    10
       Potion            |       |     3 |     1 ||     4
Armor: Robe              |     6 |    14 |     5 ||    25
       Skin              |       |     2 |       ||     2
Dodge: Dodged            |    13 |    33 |     7 ||    53
